 Dungeon Crawl Stone Soup version 0.18.1-8-gdd0e5ea (webtiles) character file.

163783 Mefis the Nimble (level 17, -3/80 HPs)
             Began as a Deep Elf Wizard on May 22, 2016.
             Was the Champion of Sif Muna.
             Killed from afar by Aizul (36 damage)
             ... with a bolt of poison
             ... on level 3 of the Snake Pit.
             The game lasted 05:12:14 (57376 turns).

Mefis the Nimble (Deep Elf Wizard)                 Turns: 57376, Time: 05:12:15

Health: -3/80      AC:  9    Str:  4    XL:     17   Next: 24%
Magic:  4/36       EV: 20    Int: 35    God:    Sif Muna [******]
Gold:   1656       SH: 15    Dex: 13    Spells: 8 memorised, 3 levels left

rFire  x . .     SeeInvis .     a - staff of wizardry
rCold  + + .     Gourm    .     j - +1 robe "Nypuvoc" {+Inv MR+ Regen+}
rNeg   . . .     Faith    .     Q - +3 buckler
rPois  .         Spirit   .     A - +1 hat
rElec  +         Dismiss  .     E - +1 cloak {rC+}
rCorr  .         Reflect  +     w - +1 pair of gloves of the Abyss {rElec}
SustAt .         Harm     .     n - +0 pair of boots
MR     ++...                    u - brooch of Shielding {Reflect SH+8}
Stlth  +++++.....               I - ring "Zopaenne" {Ice Int+4 Slay+2}
                                (no ring)

@: lethally poisoned (-3 -> -41), very slightly contaminated, hasted, drained,
very quick, very resistant to hostile enchantments, quite stealthy
A: blurry vision 1
a: Channel Energy, Forget Spell, Renounce Religion, Evoke Invisibility


You were on level 3 of the Snake Pit.
You worshipped Sif Muna.
Sif Muna was exalted by your worship.
You were near starving.

You visited 5 branches of the dungeon, and saw 29 of its levels.
You visited the Abyss 1 time.
You also visited: Labyrinth and Ice Cave.

You collected 3093 gold pieces.
You spent 1437 gold pieces at shops.

Inventory:

Hand Weapons
 b - the +7 short sword of Causality {drain, *Corrode Int+2 Dex+4}
   (You found it on level 7 of the Dungeon)

   A truly terrible weapon, it drains the life of those it strikes.
   It affects your intelligence (+2).
   It affects your dexterity (+4).
   It may corrode you when you take damage.
 x - a +3 demon blade of venom
Missiles
 W - 4 throwing nets (quivered)
Armour
 c - a +2 robe of fire resistance
 j - the +1 robe "Nypuvoc" (worn) {+Inv MR+ Regen+}
   (You bought it in a shop on level 9 of the Dungeon)

   It affects your resistance to hostile enchantments.
   It lets you turn invisible.
   It increases your rate of regeneration.
 n - a +0 pair of boots (worn)
 w - the +1 pair of gloves of the Abyss (worn) {rElec}
   (You acquired it on level 1 of the Lair of Beasts)

   It insulates you from electricity.
 A - a +1 hat (worn)
 E - a +1 cloak of cold resistance (worn)
 Q - a +3 buckler (worn)
Magical Staves
 a - an uncursed staff of wizardry (weapon)
 l - an uncursed staff of power
Jewellery
 h - a +4 ring of intelligence
 p - the ring "Raruf" {rN+ Int-3 Dex+2 SInv}
   (You took it off a minotaur in a labyrinth)

   [ring of intelligence]

   It affects your intelligence (-3).
   It affects your dexterity (+2).
   It protects you from negative energy.
   It lets you see invisible.
 u - the brooch of Shielding (around neck) {Reflect SH+8}
   (You found it in an ice cave)

   [amulet of reflection]

   It shields you and reflects attacks.
   It affects your SH (+8).
 I - the ring "Zopaenne" (right hand) {Ice Int+4 Slay+2}
   (You found it on level 7 of the Lair of Beasts)

   [ring of ice]

   It enhances your ice magic, and weakens your fire magic.
   It affects your intelligence (+4).
   It affects your accuracy and damage with ranged weapons and melee attacks
   (+2).
   It makes you vulnerable to fire.
   It protects you from cold.
Wands
 y - a wand of iceblast (8/15)
 G - a wand of heal wounds (2/9)
 J - a wand of digging (14/24)
Scrolls
 d - a scroll of summoning
 i - 11 scrolls of remove curse
 m - 2 scrolls of blinking
 r - 5 scrolls of magic mapping
 F - 3 scrolls of teleportation
 H - 4 scrolls of amnesia
 M - 6 scrolls of fear
 N - 2 scrolls of fog
Potions
 f - a potion of flight
 g - 8 potions of heal wounds
 k - a potion of agility
 o - 2 potions of might
 s - 4 potions of resistance
 z - a potion of ambrosia {unknown}
 D - 4 potions of invisibility
 L - 12 potions of curing
 O - 3 potions of brilliance
 U - a potion of cancellation
 X - 2 potions of magic
 Y - 5 potions of haste
Books
 t - a book of Flames

   Spells                             Type                      Level
   a - Flame Tongue                   Conjuration/Fire             1
   b - Throw Flame                    Conjuration/Fire             2
   c - Conjure Flame                  Conjuration/Fire             3
   d - Inner Flame                    Hexes/Fire                   3
   e - Sticky Flame                   Conjuration/Fire             4
   f - Fireball                       Conjuration/Fire             5
 R - Hissud's Collected Works on Air and Execration
   (Sif Muna gifted it to you on level 3 of the Snake Pit)

   Spells                             Type                      Level
   a - Gell's Gravitas                Hexes/Translocation          3
   b - Summon Guardian Golem          Hexes/Summoning              3
   c - Fulminant Prism                Conjuration/Hexes            4
   d - Lightning Bolt                 Conjuration/Air              5
   e - Summon Mana Viper              Hexes/Summoning              5
   f - Discord                        Hexes                        8
Miscellaneous
 e - a stone of tremors (inert)
Comestibles
 q - 24 fruits
 v - 3 meat rations
 B - 7 beef jerkies
 P - 12 royal jellies
 T - 12 bread rations


   Skills:
 - Level 1.8(1.6) Throwing
 - Level 3.7(3.5) Armour
 - Level 14.7(14.5) Dodging
 - Level 11.9(11.7) Stealth
 - Level 3.2(3.0) Shields
 + Level 13.7(13.5) Spellcasting
 + Level 11.2(11.0) Conjurations
   Level 7.6(7.4) Hexes
 - Level 9.6(9.4) Charms
 + Level 11.6(11.4) Summonings
 - Level 8.9(8.7) Translocations
 * Level 5.1(5.0) Transmutations
   Level 5.4(5.3) Fire Magic
 + Level 7.2(7.0) Ice Magic
 * Level 8.5(8.4) Earth Magic
   Level 8.0(7.8) Poison Magic
 + Level 7.9(7.7) Invocations
 - Level 7.2(7.1) Evocations


You had 3 spell levels left.
You knew the following spells:

 Your Spells              Type           Power        Failure   Level  Hunger
a - Magic Dart            Conj           ####         1%          1    None
b - Malign Gateway        Summ/Tloc      #######...   12%         7    #####..
c - Blink                 Tloc           N/A          1%          2    None
d - Iron Shot             Conj/Erth      ######....   2%          6    ###....
l - Statue Form           Trmt/Erth      ######...    9%          6    ###....
p - Deflect Missiles      Chrm/Air       ######....   19%         6    ###....
s - Bolt of Cold          Conj/Ice       #######...   4%          6    ###....
x - Haste                 Chrm           ######..     4%          6    ###....


Dungeon Overview and Level Annotations

Branches:
Dungeon (15/15)            Temple (1/1) D:6            Lair (8/8) D:11
 Shoals (0/4) Lair:3        Snake (3/4) Lair:4        Slime (0/6) Lair:8
    Orc (2/2) D:12            Elf (0/3) Orc:2        Vaults (0/5) D:14
 Depths (0/5) D:15

Altars:
Ashenzari
Cheibriados
Dithmenos
Elyvilon
Fedhas
Gozag
Kikubaaqudgha
Makhleb
Nemelex Xobeh
Okawaru
Pakellas
Qazlal
Ru
Sif Muna
Trog
Vehumet
Xom
Yredelemnul
Zin
The Shining One
Jiyva

Shops:
D:6 !   D:9 [   D:14 :   Orc:2 (?*}   Snake:3 %*[

Annotations:
Lair:1 exclusion: oklob plant
Lair:3 trees block
Lair:6 1 runed door
Snake:3 Aizul, Jorgrun


Innate Abilities, Weirdness & Mutations

Scrolls take you a little longer to read.


Message History

You are more poisoned.
* * * LOW HITPOINT WARNING * * *
* * * LOW HITPOINT WARNING * * *
You feel very sick.
Aizul coils himself and waves his upper body at you.
You easily resist.
* * * LOW HITPOINT WARNING * * *
You feel sick.
Evoke which item? (* to show all) (? for menu, Esc to quit)
Zapping:
G - a wand of heal wounds (3/9)
Press: ? - help, Shift-Dir - straight line, f - you You feel much better.
This wand has 2 charges left.
You feel very sick.
You feel sick.
You feel sick.
You feel sick.
Aizul coils himself and waves his upper body at you.
The bolt of poison hits you!
You are lethally poisoned!
You die...

#....## #..# ###..## #..# *.
###...## #########..##.. ##....##
##.......#...#.. ##....##
##..#S..........[ ##..N.##
######....#.....#..... #....###.#
#...#....#######..#... #...#...#
##....## #..# .. #.#..####
###..@### #..#*,. #...###.#
#.....## #..#**,
#...###.####......## #..#
#...#.##.##....#...## ##)#
#.....#........##<..# ####N(##
#................#[#####∩.)...##
#...########....###...##.(.(...##
#...##.# #.....#####........)...#
#†..##.# ##...#.#.###...[.....(#.


You could see Aizul.

Vanquished Creatures
  Nikola (Snake:2)
  Rupert (Lair:8)
  An Ice Fiend (IceCv)
  4 greater nagas
  An orc warlord (Orc:1)
  The ghost of Sagrath01 the Demolition Demonspawn, a journeyman DsIE of Makhleb (IceCv)
  A stone giant (Orc:2)
  Snorg (Lair:4)
  A vault guard (D:14)
  A minotaur (Lab)
  Josephine (Lair:7)
  A fire dragon (D:15)
  4 naga warriors
  4 catoblepae
  13 hydras
  4 anacondas
  Erica (Orc:1)
  A centaur warrior (D:13)
  A merfolk aquamancer (Lair:3)
  A hell hog (shapeshifter) (D:15)
  12 death yaks
  A tengu warrior (D:15)
  3 orc high priests (Orc:2)
  6 shock serpents
  4 naga sharpshooters
  Sonja (Lair:1)
  Nergalle (Orc:1)
  A skeletal warrior (D:14)
  3 naga ritualists
  A wizard (D:14)
  7 hill giants
  2 deep elf magi (D:15)
  3 griffons
  3 mana vipers
  2 ugly things
  6 orc sorcerers
  5 orc knights
  A cyclops (D:14)
  5 oklob plants
  4 salamanders
  4 manticores
  12 elephants
  24 black mambas
  A centaur zombie (D:15)
  2 ice statues
  5 guardian serpents
  Maurice (Orc:1)
  A black mamba (shapeshifter) (D:15)
  10 naga magi
  14 spiny frogs
  A kobold demonologist (D:15)
  10 komodo dragons
  A golden dragon simulacrum (IceCv)
  5 anaconda simulacra (IceCv)
  7 freezing wraiths
  4 rime drakes
  6 trolls
  11 polar bears
  5 ice devils (IceCv)
  3 two-headed ogres
  A wolf spider simulacrum (IceCv)
  A two-headed ogre (shapeshifter) (D:11)
  5 raiju (Lair:8)
  A boulder beetle (Lair:7)
  18 blink frogs
  6 slime creatures
  2 shadows
  37 yaks
  A spriggan (Lair:3)
  2 fire elementals (Orc:2)
  4 wraiths
  5 basilisks
  A hungry ghost (D:7)
  15 hippogriffs
  A harpy simulacrum (IceCv)
  6 wargs
  21 nagas
  A soldier ant (D:13)
  7 swamp worms (Lair:4)
  5 iron troll simulacra (IceCv)
  A hydra simulacrum (IceCv)
  5 hell hounds (Lair:8)
  19 water moccasins
  10 porcupines
  17 orc warriors
  A sky beast (D:6)
  15 black bears
  12 ogres
  2 ettin simulacra (IceCv)
  18 ice beasts
  3 phantoms
  26 wolves
  14 centaurs
  19 crocodiles
  2 big kobolds
  25 giant frogs
  4 scorpions
  21 killer bees
  11 wights
  2 electric eels
  2 crimson imps
  7 howler monkeys
  4 giant frog zombies
  15 hounds
  4 lava snakes (Lab)
  A quasit (D:13)
  3 draconian simulacra (IceCv)
  12 jellies
  2 gnoll shamans (D:6)
  11 orc priests
  33 orc wizards
  8 centaur skeletons
  2 giant frog skeletons (D:13)
  5 iguanas
  8 worker ants
  A hell rat (Lair:3)
  2 troll simulacra (IceCv)
  2 wolf simulacra (IceCv)
  8 sheep (Lair:6)
  A centaur simulacrum (IceCv)
  2 howler monkey skeletons
  50 gnolls (D:6)
  13 adders
  A naga simulacrum (IceCv)
  3 ogre simulacra (IceCv)
  57 river rats
  3 shadow imps
  5 white imps
  3 ufetubi (IceCv)
  8 oozes
  An adder skeleton (D:9)
  14 worms
  3 dart slugs
  7 giant geckos
  70 orcs
  6 giant cockroaches
  21 goblins
  13 hobgoblins
  35 jackals
  22 kobolds
  4 quokkas
  A ball python (D:4)
  3 bats
  A giant gecko skeleton (D:5)
  6 giant newts
  A jackal zombie (D:8)
  A quokka skeleton (D:5)
  A quokka zombie (D:7)
  12 rats
  6 plants
1113 creatures vanquished.

Vanquished Creatures (collateral kills)
  Vashnia (Snake:3)
  Asterion (Snake:3)
  A greater naga (Snake:3)
  Louise (Snake:2)
  Azrael (Orc:2)
  A fire dragon (D:15)
  4 hydras
  2 death yaks
  3 naga sharpshooters (Snake:3)
  Urug (Orc:1)
  3 skeletal warriors (D:14)
  2 naga ritualists
  An orc knight (Orc:1)
  A deep elf mage (Orc:2)
  An elephant (Lair:7)
  A guardian serpent (Snake:3)
  A black mamba (Snake:1)
  A naga mage (Snake:3)
  A gargoyle (D:12)
  3 slime creatures (D:12)
  7 yaks
  2 vampires
  5 nagas
  2 hell hounds (Orc:2)
  A porcupine (Lair:7)
  An ice beast (D:11)
  5 orc warriors
  A necrophage (D:12)
  2 crocodiles
  A big kobold (D:8)
  2 killer bees
  3 hounds
  5 orc priests
  3 orc wizards
  An iguana (Lair:1)
  Robin (D:3)
  A gnoll (D:6)
  6 river rats (Lair:7)
  An adder skeleton (D:8)
  A worm (D:2)
  12 orcs
  5 jackals (Lair:8)
  12 fungi
  18 plants
  A spectral weapon (Snake:3)
130 creatures vanquished.

Vanquished Creatures (others)
  11 eldritch tentacles
  A white imp (IceCv)
  3 ufetubi (IceCv)
  1001 eldritch tentacle segments
  66 fungi
  27 plants
  4 snaplasher vines
  591 snaplasher vine segments
1704 creatures vanquished.

Grand Total: 2947 creatures vanquished

Notes
Turn   | Place    | Note
--------------------------------------------------------------
     0 | D:1      | Mefis the Deep Elf Wizard began the quest for the Orb.
     0 | D:1      | Reached XP level 1. HP: 10/10 MP: 7/7
   135 | D:1      | Reached XP level 2. HP: 15/15 MP: 2/9
   139 | D:1      | Learned a level 2 spell: Call Imp
   142 | D:1      | Learned a level 2 spell: Blink
   145 | D:1      | Learned a level 2 spell: Repel Missiles
  1153 | D:2      | Reached skill level 3 in Dodging
  1153 | D:2      | Reached XP level 3. HP: 19/19 MP: 4/11
  1158 | D:2      | Learned a level 3 spell: Mephitic Cloud
  1928 | D:2      | Reached skill level 1 in Poison Magic
  1928 | D:2      | Reached XP level 4. HP: 19/24 MP: 8/12
  2518 | D:3      | Found an oddly glowing altar of Pakellas.
  2967 | D:3      | Noticed Robin
  2968 | D:3      | Reached XP level 5. HP: 28/28 MP: 3/14
  2992 | D:3      | Killed Robin
  3477 | D:4      | Noticed an ogre
  3484 | D:4      | Killed an ogre
  3484 | D:4      | Reached skill level 4 in Dodging
  3484 | D:4      | Reached skill level 5 in Spellcasting
  3563 | D:4      | Reached XP level 6. HP: 32/32 MP: 11/15
  3568 | D:4      | Learned a level 3 spell: Conjure Flame
  3726 | D:4      | You fall through a shaft for 2 floors!
  3997 | D:6      | Noticed an ice beast
  4093 | D:6      | Killed an ice beast
  4473 | D:5      | Entered Level 5 of the Dungeon
  4473 | D:5      | Noticed an ice beast
  4483 | D:5      | Noticed an ice beast
  4526 | D:5      | Killed an ice beast
  4526 | D:5      | Reached skill level 1 in Fire Magic
  4526 | D:5      | Reached XP level 7. HP: 36/36 MP: 8/17
  4619 | D:5      | Reached skill level 1 in Throwing
  4619 | D:5      | Reached skill level 5 in Dodging
  4907 | D:6      | Found a glowing golden altar of the Shining One.
  5845 | D:4      | Reached XP level 8. HP: 41/41 MP: 6/18
  5852 | D:4      | Learned a level 5 spell: Summon Forest
  6860 | D:5      | Reached skill level 6 in Dodging
  6989 | D:5      | Reached skill level 5 in Stealth
  7694 | D:6      | Gained mutation: Your mind is acute. (Int +2) [mutagenic meat]
  7695 | D:6      | Gained mutation: You are robust (+10% HP). [mutagenic meat]
  7696 | D:6      | Gained mutation: You have a pair of small horns on your head. [mutagenic meat]
  7697 | D:6      | Gained mutation: Your system is resistant to poisons. [mutagenic meat]
  7840 | D:6      | Found a staircase to the Ecumenical Temple.
  7846 | Temple   | Entered the Ecumenical Temple
  7897 | Temple   | Became a worshipper of Sif Muna the Loreminder
  8189 | D:6      | Reached skill level 1 in Shields
  8189 | D:6      | Reached skill level 5 in Conjurations
  8290 | D:6      | Found Gownoehasa's Distillery.
  8293 | D:6      | Bought a potion of magic for 80 gold pieces
  8293 | D:6      | Bought a potion of haste for 100 gold pieces
  8293 | D:6      | Bought a potion of curing for 30 gold pieces
  8293 | D:6      | Bought a potion of resistance for 100 gold pieces
  8574 | D:6      | Reached XP level 9. HP: 49/49 MP: 12/21
  8645 | D:6      | Reached * piety under Sif Muna
  8672 | D:6      | Reached skill level 7 in Dodging
  9305 | D:7      | Got a translucent short sword
  9306 | D:7      | Identified the +7 short sword of Causality {drain, *Corrode Int+2 Dex+4} (You found it on level 7 of the Dungeon)
  9598 | D:7      | Found a basalt altar of Yredelemnul.
  9722 | D:7      | Found a snail-covered altar of Cheibriados.
  9726 | D:7      | Found a white marble altar of Elyvilon.
  9728 | D:7      | Found a burning altar of Makhleb.
  9745 | D:7      | Reached skill level 5 in Summonings
  9845 | D:7      | Found a radiant altar of Vehumet.
  9845 | D:7      | Found a blossoming altar of Fedhas.
 10502 | D:8      | Reached skill level 5 in Poison Magic
 10879 | D:8      | Reached ** piety under Sif Muna
 11047 | D:8      | Reached skill level 5 in Translocations
 11316 | D:8      | Reached skill level 8 in Dodging
 12165 | D:8      | Reached XP level 10. HP: 39/55 MP: 6/22
 13435 | D:9      | Found Zostaopu's Armour Shop.
 14245 | D:9      | Reached *** piety under Sif Muna
 14300 | D:9      | Reached skill level 9 in Dodging
 14494 | D:10     | Entered Level 10 of the Dungeon
 15966 | D:11     | Found a staircase to the Lair.
 16114 | Lair:1   | Entered Level 1 of the Lair of Beasts
 16114 | Lair:1   | Noticed a seven-headed hydra
 16123 | Lair:1   | Learned a level 2 spell: Slow
 16181 | Lair:1   | Killed a seven-headed hydra
 16307 | Lair:1   | Found a labyrinth entrance.
 16316 | Lab      | Entered a labyrinth
 16907 | Lab      | Reached XP level 11. HP: 59/59 MP: 10/25
 17101 | Lab      | Noticed a minotaur
 17162 | Lab      | Killed a minotaur
 17281 | Lab      | Got a smoking steel ring
 17285 | Lab      | Identified the cursed ring "Raruf" {rN+ Int-3 Dex+2 SInv} (You took it off a minotaur in a labyrinth)
 18162 | Lair:1   | Learned a level 5 spell: Venom Bolt
 18327 | Lair:1   | Noticed a six-headed hydra
 18340 | Lair:1   | Killed a six-headed hydra
 18340 | Lair:1   | Reached skill level 1 in Charms
 18446 | D:11     | Noticed a hill giant
 18449 | D:11     | Killed a hill giant
 18449 | D:11     | Reached **** piety under Sif Muna
 18457 | D:11     | Reached skill level 1 in Hexes
 18525 | D:11     | Noticed an eight-headed hydra
 18534 | D:11     | Killed an eight-headed hydra
 18534 | D:11     | Reached skill level 10 in Dodging
 18728 | D:9      | Bought the +1 robe "Nypuvoc" {+Inv MR+ Regen+} for 404 gold pieces
 18930 | D:11     | Noticed a four-headed hydra
 18937 | D:11     | Killed a four-headed hydra
 18937 | D:11     | Reached skill level 1 in Invocations
 18967 | D:11     | Reached skill level 1 in Armour
 19054 | D:11     | Reached skill level 1 in Evocations
 20351 | D:12     | Found a staircase to the Orcish Mines.
 21097 | D:12     | Noticed a hill giant
 21100 | D:12     | Noticed a green ugly thing
 21111 | D:12     | Killed a hill giant
 21111 | D:12     | Reached ***** piety under Sif Muna
 21277 | D:12     | Noticed a hill giant
 21280 | D:12     | Killed a hill giant
 21280 | D:12     | Reached skill level 5 in Charms
 21280 | D:12     | Reached XP level 12. HP: 64/64 MP: 11/27
 21978 | D:12     | Noticed a six-headed hydra
 22005 | D:12     | Killed a six-headed hydra
 23631 | D:13     | Noticed a centaur warrior
 23636 | D:13     | Killed a centaur warrior
 23636 | D:13     | Reached skill level 11 in Dodging
 24695 | D:14     | Found a gate to the Vaults.
 24696 | D:14     | Noticed a vault guard
 24896 | D:14     | Noticed a vault guard
 25196 | D:14     | Found Uryabror's Book Emporium.
 25427 | Lair:1   | Noticed Sonja
 25586 | Lair:1   | Reached skill level 5 in Invocations
 25643 | Lair:1   | Killed Sonja
 25643 | Lair:1   | Reached skill level 5 in Evocations
 26319 | Lair:2   | Learned a level 6 spell: Haste
 26325 | Lair:2   | Learned a level 4 spell: Olgreb's Toxic Radiance
 27285 | Lair:2   | Learned a level 1 spell: Sting
 27306 | Lair:2   | Reached XP level 13. HP: 69/69 MP: 7/28
 27491 | Lair:2   | Reached skill level 5 in Hexes
 28702 | Lair:3   | Found a staircase to the Shoals.
 28906 | Lair:3   | Reached skill level 10 in Spellcasting
 29272 | Lair:3   | Got a creamy pearl robe
 29283 | Lair:3   | Identified the +2 robe of the Alphagorgon {Str+6 Int-4} (You found it on level 3 of the Lair of Beasts)
 29479 | Lair:3   | Reached skill level 12 in Dodging
 31405 | Lair:4   | Found a staircase to the Snake Pit.
 32544 | Lair:4   | Noticed Snorg
 32560 | Lair:4   | Killed Snorg
 32560 | Lair:4   | Reached skill level 10 in Stealth
 33690 | Lair:5   | Learned a level 5 spell: Bolt of Magma
 33696 | Lair:5   | Learned a level 4 spell: Cause Fear
 34152 | Lair:5   | Reached skill level 1 in Earth Magic
 34153 | Lair:5   | Reached XP level 14. HP: 58/74 MP: 7/30
 35532 | Lair:6   | Found a runed door.
 37196 | Lair:7   | Noticed Josephine
 37512 | Lair:7   | Reached skill level 13 in Dodging
 37668 | Lair:7   | Killed Josephine
 37668 | Lair:7   | Reached skill level 5 in Fire Magic
 37941 | Lair:7   | Reached ****** piety under Sif Muna
 38109 | Lair:7   | Received a gift from Sif Muna
 38117 | Lair:7   | Identified Sif Muna's Incunabulum of Unholy Attacks (Sif Muna gifted it to you on level 7 of the Lair of Beasts)
 39044 | Lair:7   | Got a warped turquoise ring
 39054 | Lair:7   | Identified the ring "Zopaenne" {Ice Int+4 Slay+2} (You found it on level 7 of the Lair of Beasts)
 39064 | Lair:7   | Learned a level 6 spell: Iron Shot
 39633 | Lair:7   | Identified a scroll of acquirement
 39865 | Lair:1   | Got a pair of spiked gloves
 39877 | Lair:1   | Identified the +1 pair of gloves of the Abyss {rElec} (You acquired it on level 1 of the Lair of Beasts)
 39887 | Lair:1   | Learned a level 5 spell: Venom Bolt
 40147 | Lair:8   | Entered Level 8 of the Lair of Beasts
 40147 | Lair:8   | Noticed Rupert
 40628 | Lair:8   | Killed Rupert
 40628 | Lair:8   | Reached skill level 5 in Earth Magic
 40677 | Lair:8   | Reached XP level 15. HP: 79/79 MP: 1/31
 40942 | Lair:8   | Found a viscous altar of Jiyva.
 40942 | Lair:8   | Found a staircase to the Slime Pits.
 43061 | Lair:1   | Learned a level 7 spell: Malign Gateway
 43166 | Orc:1    | Entered Level 1 of the Orcish Mines
 43170 | Orc:1    | Noticed Urug
 43172 | Orc:1    | Noticed Maurice
 43184 | Orc:1    | Killed Maurice
 43198 | Orc:1    | Killed Urug
 43235 | Orc:1    | Killed an eldritch tentacle
 43605 | Orc:1    | Noticed Nergalle
 43612 | Orc:1    | Killed Nergalle
 43691 | Orc:1    | Noticed an orc warlord
 43692 | Orc:1    | Noticed Erica
 43701 | Orc:1    | Killed Erica
 43701 | Orc:1    | Reached skill level 14 in Dodging
 43745 | Orc:1    | Killed an orc warlord
 43769 | Orc:1    | Killed an eldritch tentacle
 44255 | Orc:2    | Entered Level 2 of the Orcish Mines
 44428 | Orc:2    | Found a staircase to the Elven Halls.
 44432 | Orc:2    | Noticed Azrael
 44787 | Orc:2    | Killed Azrael
 44819 | Orc:2    | Killed an eldritch tentacle
 45272 | Orc:2    | Received a gift from Sif Muna
 45282 | Orc:2    | Identified Iskenderun's Catalogue of Battle Magic and Bewitchment (Sif Muna gifted it to you on level 2 of the Orcish Mines)
 45398 | Orc:2    | Learned a level 7 spell: Spellforged Servitor
 45523 | Orc:2    | Found Zeich's Gadget Shop.
 45523 | Orc:2    | Found Eqoidoemi's Assorted Antiques.
 45526 | Orc:2    | Found Cojoiqel's Weapon Emporium.
 45526 | Orc:2    | Found Vumaasch's Magic Scroll Shop.
 45542 | Orc:2    | Bought a translucent marble ring for 120 gold pieces
 45547 | Orc:2    | Identified the ring of Dal Dahaqe {+Blink rPois rC++ Slay+5} (You bought it in a shop on level 2 of the Orcish Mines)
 46026 | Orc:2    | Bought a potion of haste for 240 gold pieces
 46026 | Orc:2    | Bought 2 potions of curing for 144 gold pieces
 46026 | Orc:2    | Bought a potion of heal wounds for 120 gold pieces
 46026 | Orc:2    | Bought a scroll of identify for 48 gold pieces
 46029 | Orc:2    | Bought a scroll of teleportation for 51 gold pieces
 46308 | D:15     | Entered Level 15 of the Dungeon
 46311 | D:15     | Reached skill level 10 in Summonings
 47950 | D:15     | Found a staircase to the Depths.
 47988 | D:15     | Reached skill level 10 in Conjurations
 48568 | D:14     | Cast into level 2 of the Abyss (a wizard)
 48577 | Abyss:2  | Got a bloodstained scythe
 48607 | D:14     | Escaped the Abyss
 48620 | D:14     | Reached XP level 16. HP: 83/83 MP: 0/34
 48884 | Lair:1   | Learned a level 1 spell: Corona
 48893 | Lair:1   | Learned a level 7 spell: Malign Gateway
 48906 | Lair:1   | Learned a level 6 spell: Bolt of Cold
 48921 | Lair:1   | Identified the cursed +1 scythe "Nup Daoc" {freeze, +Fly rF++} (You found it on level 2 of the Abyss)
 48935 | Lair:1   | Gained mutation: You are partially covered in large bone plates (AC +2, SH +2). [potion of mutation]
 48935 | Lair:1   | Lost mutation: You are robust (+10% HP). [potion of mutation]
 48945 | Lair:1   | Learned a level 1 spell: Magic Dart
 48951 | Lair:1   | Learned a level 5 spell: Iskenderun's Battlesphere
 49522 | D:15     | Killed an eldritch tentacle
 49724 | D:15     | Reached skill level 1 in Ice Magic
 49774 | D:15     | Killed an eldritch tentacle
 50064 | Snake:1  | Entered Level 1 of the Snake Pit
 50102 | Snake:1  | Killed an eldritch tentacle
 50128 | Snake:1  | Found a frozen archway.
 50218 | IceCv    | Entered an ice cave
 50758 | IceCv    | Noticed Sagrath01's ghost (journeyman DsIE)
 50769 | IceCv    | Killed Sagrath01's ghost
 51275 | IceCv    | Noticed an Ice Fiend
 51551 | IceCv    | Killed an Ice Fiend
 52024 | Snake:1  | Reached skill level 5 in Ice Magic
 52177 | Snake:1  | Killed an eldritch tentacle
 52796 | Lair:1   | Learned a level 6 spell: Deflect Missiles
 52816 | Lair:1   | Learned a level 6 spell: Statue Form
 53310 | Snake:2  | Noticed Nikola
 53316 | Snake:2  | Killed Nikola
 53316 | Snake:2  | Reached skill level 1 in Transmutations
 54470 | Snake:2  | Noticed Louise
 54507 | Snake:2  | Killed Louise
 54551 | Snake:2  | Killed an eldritch tentacle
 55635 | Snake:2  | Reached XP level 17. HP: 80/80 MP: 15/36
 55722 | Snake:3  | Found Rizuot Tinn's General Store.
 55744 | Snake:3  | Noticed Vashnia
 55767 | Snake:3  | Killed Vashnia
 55767 | Snake:3  | Received a gift from Sif Muna
 55768 | Snake:3  | Identified Hissud's Collected Works on Air and Execration (Sif Muna gifted it to you on level 3 of the Snake Pit)
 55887 | Snake:3  | Noticed Aizul
 56019 | Snake:3  | Gained mutation: You have a pair of horns on your head. [mutagenic meat]
 56020 | Snake:3  | Gained mutation: You are partially covered in molten scales (AC +1). [mutagenic meat]
 56021 | Snake:3  | Gained mutation: You passively map a small area around you. [mutagenic meat]
 56022 | Snake:3  | Gained mutation: Scrolls take you a little longer to read. [mutagenic meat]
 56024 | Snake:3  | Gained mutation: Your spells are a little easier to cast, but a little less powerful. [mutagenic meat]
 56200 | Snake:2  | Lost mutation: You are partially covered in molten scales (AC +1). [potion of cure mutation]
 56200 | Snake:2  | Lost mutation: Your spells are a little easier to cast, but a little less powerful. [potion of cure mutation]
 56200 | Snake:2  | Lost mutation: You are partially covered in large bone plates (AC +2, SH +2). [potion of cure mutation]
 56201 | Snake:2  | Lost mutation: You passively map a small area around you. [potion of cure mutation]
 56201 | Snake:2  | Lost mutation: Your mind is acute. (Int +2) [potion of cure mutation]
 56201 | Snake:2  | Lost mutation: You have a pair of horns on your head. [potion of cure mutation]
 56201 | Snake:2  | Lost mutation: Your system is resistant to poisons. [potion of cure mutation]
 56201 | Snake:2  | Lost mutation: You have a pair of small horns on your head. [potion of cure mutation]
 56523 | Snake:3  | Found Ukkauk's Armour Boutique.
 56525 | Snake:3  | Noticed Asterion
 56600 | Snake:3  | Found Joibleni's Food Emporium.
 56822 | Snake:3  | Killed Asterion
 56822 | Snake:3  | Reached skill level 5 in Transmutations
 57112 | Snake:3  | Noticed Jorgrun
 57376 | Snake:3  | Killed from afar by Aizul

Skill      XL: |  1  2  3  4  5  6  7  8  9 10 11 12 13 14 15 16 17 |
---------------+----------------------------------------------------+-----
Conjurations   | 2 3 4 5 6 7 8 10 11 | 11.2
Dodging        | 3 4 5 6 8 9 10 11 12 13 14 | 14.7
Poison Magic   | 1 2 4 5 6 7 8 |  8.0
Stealth        | 3 4 5 6 7 8 9 10 11 | 11.9
Spellcasting   | 5 6 7 8 9 10 12 13 | 13.7
Summonings     | 2 3 4 6 7 8 10 11 | 11.6
Fire Magic     | 1 2 5 |  5.4
Throwing       | 1 |  1.8
Translocations | 3 5 6 7 8 |  8.9
Shields        | 1 2 3 |  3.2
Charms         | 5 7 9 |  9.6
Hexes          | 2 4 6 7 |  7.6
Invocations    | 2 5 6 7 |  7.9
Armour         | 1 2 3 |  3.7
Evocations     | 2 5 6 7 |  7.2
Earth Magic    | 1 5 6 7 8 |  8.5
Ice Magic      | 6 7 |  7.2
Transmutations | 4 5 |  5.1

Action                   |  1- 3 |  4- 6 |  7- 9 | 10-12 | 13-15 | 16-18 || total
-------------------------+-------+-------+-------+-------+-------+-------++-------
Melee: Dagger            |     1 |     1 |    10 |       |       |       ||    12
       Rapier            |       |       |     5 |       |       |       ||     5
       Short sword       |       |       |    30 |   100 |   175 |     8 ||   313
       Headbutt          |       |       |     5 |    18 |    28 |     2 ||    53
       Staff             |       |       |       |       |    24 |     1 ||    25
 Fire: Hunting sling     |       |    67 |   101 |       |       |       ||   168
       Blowgun           |       |    12 |    65 |    94 |       |       ||   171
       Hand crossbow     |       |       |    21 |       |       |       ||    21
Throw: Tomahawk          |       |       |     3 |     3 |       |       ||     6
       Throwing net      |       |       |     8 |       |       |       ||     8
       Stone             |       |       |     1 |       |       |       ||     1
       Javelin           |       |       |       |     8 |       |       ||     8
 Cast: Magic Dart        |    78 |   148 |   453 |   552 |       |    73 ||  1304
       Repel Missiles    |     1 |       |     1 |     1 |     1 |     1 ||     5
       Call Imp          |     2 |     6 |    10 |     4 |       |       ||    22
       Mephitic Cloud    |       |     4 |    31 |    35 |    11 |       ||    81
       Conjure Flame     |       |     6 |    10 |    43 |       |       ||    59
       Summon Forest     |       |       |     3 |    17 |     9 |       ||    29
       Blink             |       |       |       |    16 |    10 |     5 ||    31
       Venom Bolt        |       |       |       |   122 |   425 |     3 ||   550
       Slow              |       |       |       |     9 |    13 |       ||    22
       Sting             |       |       |       |     4 |   179 |       ||   183
       Olgreb's Toxic Ra |       |       |       |     2 |    47 |       ||    49
       Bolt of Magma     |       |       |       |       |   180 |       ||   180
       Haste             |       |       |       |       |    20 |    15 ||    35
       Iron Shot         |       |       |       |       |   122 |   111 ||   233
       Cause Fear        |       |       |       |       |     3 |       ||     3
       Spellforged Servi |       |       |       |       |    10 |       ||    10
       Malign Gateway    |       |       |       |       |     3 |     8 ||    11
       Bolt of Cold      |       |       |       |       |       |   142 ||   142
       Iskenderun's Batt |       |       |       |       |       |    12 ||    12
       Deflect Missiles  |       |       |       |       |       |     2 ||     2
       Statue Form       |       |       |       |       |       |     1 ||     1
Invok: Channel Energy    |       |       |       |    35 |   152 |   106 ||   293
       Forget Spell      |       |       |       |     3 |     6 |     6 ||    15
 Abil: Evoke Flight      |       |       |       |     1 |     4 |       ||     5
       Evoke Invisibilit |       |       |       |       |       |     1 ||     1
Evoke: Deck              |       |       |       |     1 |       |       ||     1
       Crystal ball of e |       |       |       |       |     4 |       ||     4
       Wand              |       |       |       |       |       |     7 ||     7
       Stone of tremors  |       |       |       |       |       |     2 ||     2
  Use: Scroll            |       |     1 |     9 |    14 |    19 |    10 ||    53
       Potion            |       |       |       |     1 |     1 |     3 ||     5
 Stab: Sleeping          |     1 |     1 |     8 |     4 |     1 |       ||    15
       Held in net/web   |       |       |     3 |       |       |       ||     3
       Confused          |       |       |       |     1 |       |       ||     1
  Eat: Chunk             |     3 |     4 |    23 |    62 |    83 |    23 ||   198
       Bread ration      |       |     1 |     1 |     1 |     2 |     4 ||     9
       Meat ration       |       |       |       |     2 |     5 |     4 ||    11
       Fruit             |       |       |       |       |     5 |     2 ||     7
       Royal jelly       |       |       |       |       |       |     2 ||     2
       Pizza             |       |       |       |       |       |     1 ||     1
Armor: Robe              |     3 |     8 |    29 |    31 |    47 |    21 ||   139
       Skin              |       |       |       |       |       |    15 ||    15
Dodge: Dodged            |     6 |    37 |   185 |   201 |   377 |    96 ||   902
       Deflected         |       |     1 |     6 |     6 |     8 |     5 ||    26
Block: Buckler           |       |       |    15 |    78 |   165 |    95 ||   353
       Reflection        |       |       |       |       |       |     8 ||     8
